 Dungeon Crawl Stone Soup version 0.20.1-1-g8b1a95d (webtiles) character file.

604 Irenicus the Insei (level 7, -15/46 HPs)
             Began as an Octopode Chaos Knight on Oct 9, 2017.
             Demolished by an ogre
             ... wielding a +0 giant club
              (21 damage)
             ... on level 4 of the Dungeon.
             The game lasted 00:10:33 (3460 turns).

Irenicus the Insei (Octopode Chaos Knight)          Turns: 3460, Time: 00:10:34

Health: -15/46     AC:  1    Str: 18    XL:     7   Next: 42%
Magic:  7/7        EV: 14    Int: 14    God:    Xom [.....*]
Gold:   209        SH:  0    Dex: 14    Spells: 6/6 levels left

rFire    . . .     SeeInvis .     - Unarmed
rCold    . . .     Gourm    .   (no shield)
rNeg     . . .     Faith    .   (helmet restricted)
rPois    .         Spirit   .   e - amulet of magic regeneration (curse)
rElec    .         Reflect  .   q - +2 ring of strength
rCorr    .         Harm     .   (no ring)
MR       .....                  (no ring)
Stlth    ++++......             (no ring)
Regen    0.2/turn               (no ring)
MPRegen  0.2/turn               (no ring)
                                (no ring)
                                (no ring)

@: mighty
A: almost no armour, stealthy swim, amphibious, 8 rings, constrict 8, camouflage
1, gelatinous body 1
a: Renounce Religion


You were on level 4 of the Dungeon.
You worshipped Xom.
You were Xom's teddy bear.
You were not hungry.

You visited 1 branch of the dungeon, and saw 4 of its levels.

You collected 209 gold pieces.

Inventory:

Jewellery
 e - a cursed amulet of magic regeneration (around mantle)
 k - a cursed amulet of inaccuracy {unknown}
 q - a +2 ring of strength (left tentacle)
Scrolls
 b - 3 scrolls of identify
 c - 3 scrolls of remove curse {unknown}
 d - 3 scrolls of enchant armour {unknown}
 i - 2 scrolls of immolation {unknown}
Potions
 g - a potion of curing
 h - 2 potions of brilliance
 o - a potion of magic {unknown}
 p - a potion of degeneration {unknown}
Comestibles
 a - 2 bread rations
 f - 3 fruits


   Skills:
 - Level 3.1 Fighting
 - Level 2.6 Dodging
 - Level 4.3 Stealth
 + Level 7.5 Unarmed Combat


You had 6 spell levels left.
You didn't know any spells.

Dungeon Overview and Level Annotations

Branches:
Dungeon (4/15)
 Temple: D:4-7

Altars:
Gozag
Hepliaklqana
Nemelex Xobeh
Trog
Xom
Zin

Annotations:
D:4 exclusion: two-headed ogre


Innate Abilities, Weirdness & Mutations

You cannot wear most types of armour.
You are very stealthy in the water. (Stealth+)
You are amphibious.
You can wear up to eight rings at the same time.
You can use your tentacles to constrict eight enemies at once.
Your skin changes colour to match your surroundings (Stealth+).
Your rubbery body absorbs attacks. (AC +1, EV +1)


Message History

You closely miss the ogre. You squeeze the ogre.
The ogre is severely wounded.
The ogre hits you with a giant club!!
You tentacle-slap the ogre.
The ogre is severely wounded.
The ogre hits you with a giant club!!
* * * LOW HITPOINT WARNING * * *
There is a shimmering altar of Xom here.
Press: ? - help, v - describe, . - travel
Here: an ogre, wielding a giant club (severely wounded)
The floor.
You see here 23 arrows.
There is an open door here.
There is a stone staircase leading up here.
It was a potion of might.
You feel very mighty all of a sudden.
Xom thinks this is hilarious!
The ogre hits you with a giant club!!
You die...
Xom titters!

###############
#######.............#
#....##.............#
#....##.............##
#..>..'...............
#######.....#...............
#.......#'#O#######.####....
#.......#.#@# #.....####..o.
#.......#.#.# #.##.._..#....
#.......#.#####.#....#.#....
#.......#..(....#.#..#.#..[.
#.#+#...#.#######.##.#.#####
#.+_+...#.#######.####.#รท...
#.#)#...#......)..........))
#.................####.#.###
#####'################.#.###


You could see an ogre.

Vanquished Creatures
  A phantom (D:4)
  A centaur skeleton (D:4)
  A hound (D:3)
  An orc priest (D:4)
  Crazy Yiuf (D:4)
  2 orc wizards (D:4)
  A bullfrog skeleton (D:4)
  2 iguanas (D:4)
  2 worker ants (D:4)
  Robin (D:4)
  10 adders
  An ooze (D:3)
  4 worms
  2 dart slugs (D:1)
  3 leopard geckos
  8 orcs
  5 bats
  5 giant cockroaches
  14 goblins
  8 hobgoblins
  A jackal (D:4)
  2 quokkas
  3 ball pythons
  4 frilled lizards
  7 kobolds
  2 quokka skeletons (D:4)
  10 rats
102 creatures vanquished.

Notes
Turn   | Place    | Note
-------+----------+-------------------------------------------
     0 | D:1      | Irenicus the Octopode Chaos Knight began the quest for the Orb.
     0 | D:1      | Reached XP level 1. HP: 16/16 MP: 1/1
    55 | D:1      | XOM: divination: detect creatures
   119 | D:1      | Reached XP level 2. HP: 16/21 MP: 2/2
   474 | D:1      | XOM: divination: magic mapping
   601 | D:1      | XOM: divination: detect creatures
   610 | D:1      | Reached skill level 1 in Stealth
   678 | D:1      | XOM: harmless Summ miscast
   707 | D:1      | XOM: mild Summ miscast
   879 | D:1      | Reached XP level 3. HP: 25/26 MP: 3/3
  1005 | D:2      | Reached XP level 4. HP: 23/31 MP: 4/4
  1028 | D:2      | Reached skill level 4 in Unarmed Combat
  1050 | D:2      | XOM: harmless Erth miscast
  1067 | D:2      | Found a sparkling altar of Nemelex Xobeh.
  1130 | D:2      | XOM: harmless Tloc miscast
  1525 | D:2      | XOM is BORED!
  1525 | D:2      | XOM: medium Hex miscast
  1700 | D:3      | Reached XP level 5. HP: 29/36 MP: 5/5
  1704 | D:3      | Found a hazy altar of Hepliaklqana.
  1815 | D:3      | XOM: 1-stop teleportation journey
  1842 | D:3      | XOM: harmless Ice miscast
  1980 | D:3      | XOM: god gift: scroll labeled QALEEME BYCAU {god gift}
  2105 | D:3      | Noticed Sigmund
  2112 | D:3      | Noticed Sigmund
  2112 | D:3      | Sigmund changed into Sigmund the hound
  2112 | D:3      | XOM: polymorph Sigmund -> Sigmund the hound
  2115 | D:3      | Killed Sigmund the hound
  2159 | D:4      | Found a runed door.
  2163 | D:4      | Noticed Crazy Yiuf
  2170 | D:4      | Killed Crazy Yiuf
  2170 | D:4      | Reached skill level 5 in Unarmed Combat
  2273 | D:4      | Reached XP level 6. HP: 32/42 MP: 6/6
  2415 | D:4      | Noticed a two-headed ogre
  2445 | D:4      | XOM: god gift: glass ring {god gift}
  2594 | D:4      | Noticed Robin
  2605 | D:4      | XOM: fog
  2636 | D:4      | Killed Robin
  2648 | D:4      | Reached skill level 6 in Unarmed Combat
  2828 | D:4      | XOM: mild Necr miscast
  2859 | D:4      | XOM: harmless Hex miscast
  2892 | D:4      | Found a bloodstained altar of Trog.
  2905 | D:4      | Noticed a phantom
  2924 | D:4      | XOM: confusion
  2946 | D:4      | Killed a phantom
  2946 | D:4      | Reached skill level 7 in Unarmed Combat
  2946 | D:4      | Reached XP level 7. HP: 24/46 MP: 7/7
  3201 | D:4      | Found an opulent altar of Gozag.
  3201 | D:4      | Found a glowing silver altar of Zin.
  3434 | D:4      | XOM: scenery: create altars
  3460 | D:4      | Demolished by an ogre

Skill      XL: |  1  2  3  4  5  6 |
---------------+-------------------+-----
Stealth        | 1 3 4 |  4.3
Unarmed Combat | 4 5 7 |  7.5
Fighting       | |  3.1
Dodging        | |  2.6

Action                   |  1- 3 |  4- 6 |  7- 9 || total
-------------------------+-------+-------+-------++-------
Melee: Unarmed           |    60 |   154 |    34 ||   248
       Constrict         |    12 |    43 |     6 ||    61
       Tentacles         |     9 |    34 |    11 ||    54
       Punch             |     3 |     3 |     4 ||    10
  Use: Potion            |       |     2 |     1 ||     3
       Scroll            |       |     2 |       ||     2
 Stab: Sleeping          |    13 |    15 |     1 ||    29
       Distracted        |       |     1 |       ||     1
  Eat: Chunk             |       |     6 |     2 ||     8
Armor: Skin              |     6 |    14 |     1 ||    21
Dodge: Dodged            |    30 |    77 |    10 ||   117
